 Seeded DCSS version 0.28-a0-850-g09de17f5b5 (webtiles) character file.

Game seed: 20211113 (custom seed)

2506 a11behringer the Insei (level 9, 0/62 (71) HPs)
             Began as a Green Draconian Transmuter on Nov 13, 2021.
             Was an Initiate of Wu Jian.
             Slain by a wight (6 damage)
             ... on level 7 of the Dungeon on Nov 14, 2021.
             The game lasted 00:30:38 (7622 turns).

a11behringer the Insei (Green Draconian Transmuter) Turns: 7622, Time: 00:30:38

HP:   0/62 (71)     AC:  8    Str: 12    XL:     9   Next: 28%
MP:   16/16         EV: 13    Int: 16    God:    Wu Jian [......]
Gold: 307           SH:  0    Dex: 13    Spells: 7/17 levels left

rFire   . . .      SeeInvis .     - Unarmed
rCold   . . .      Faith    .   (no shield)
rNeg    . . .      Spirit   .   (armour unavailable)
rPois   +          Reflect  .   (helmet restricted)
rElec   .          Harm     .   (no cloak)
rCorr   .          Rampage  .   (no gloves)
Will    .....                   e - +0 pair of boots
Stlth   ++........              (no amulet)
HPRegen 0.20/turn               (no ring)
MPRegen 0.15/turn               (no ring)

@: heavily drained
A: breathe noxious fumes, AC +7, unfitting armour, poison resistance,
cold-blooded
a: Breathe Noxious Fumes, Renounce Religion


You were on level 7 of the Dungeon.
You worshipped Wu Jian.
Wu Jian was noncommittal.
You visited 2 branches of the dungeon, and saw 8 of its levels.

You collected 307 gold pieces.

Inventory:

Armour
 e - a +0 pair of boots (worn)
 f - a +0 tower shield
Wands
 h - a wand of iceblast (4)
 m - a wand of charming (12)
 n - a wand of flame (19)
Scrolls
 c - 2 scrolls of teleportation
 k - 2 scrolls of magic mapping
Potions
 a - 2 potions of degeneration
 b - a potion of mutation {unknown}
 d - 2 potions of curing
 g - a potion of invisibility
 j - a potion of resistance {unknown}
 o - a potion of might {unknown}
 p - a potion of flight {unknown}
 q - a potion of haste {unknown}


   Skills:
 + Level 3.8 Fighting
 + Level 1.5(2.0) Short Blades
 + Level 1.9(2.2) Long Blades
 + Level 1.5(2.2) Axes
 + Level 1.5(2.2) Maces & Flails
 + Level 1.5(2.2) Polearms
 + Level 1.5(2.2) Staves
 + Level 1.3(1.7) Slings
 + Level 1.3 Bows
 + Level 1.3 Crossbows
 + Level 1.5(1.9) Throwing
 + Level 3.6 Dodging
 + Level 3.0 Stealth
 + Level 2.2 Shields
 + Level 6.8 Unarmed Combat
 + Level 4.8 Spellcasting
 + Level 2.2 Conjurations
 + Level 2.5 Hexes
 + Level 2.2 Summonings
 + Level 2.2 Necromancy
 + Level 2.3 Translocations
 * Level 5.9 Transmutations
 + Level 2.2 Fire Magic
 + Level 2.2 Ice Magic
 + Level 3.7 Air Magic
 + Level 2.6 Earth Magic
 + Level 3.5 Poison Magic
 + Level 2.6 Invocations
 + Level 2.2 Evocations


You had 7 spell levels left.
You knew the following spells:

 Your Spells              Type           Power      Damage    Failure   Level
a - Beastly Appendage     Tmut           46%        N/A       1%          1
b - Wereblood             Tmut           23%        N/A       1%          2
c - Passwall              Tmut/Erth      14%        N/A       4%          2
d - Blink                 Tloc           22%        N/A       9%          2
e - Spider Form           Tmut/Pois      19%        N/A       6%          3

Your spell library contained the following spells:

 Spells                   Type           Power      Damage    Failure   Level
 Scorch                   Fire           22%        2d6       9%          2
 Swiftness                Air            15%        N/A       10%         3
 Gell's Gravitas          Tloc           11%        N/A       19%         3
 Lesser Beckoning         Tloc           11%        N/A       19%         3
 Teleport Other           Tloc           11%        N/A       19%         3
 Ice Form                 Ice/Tmut       17%        N/A       28%         4
 Flame Wave               Conj/Fire      11%        3d4       52%         4
 Manifold Assault         Tloc           11%        N/A       86%         5
 Dispersal                Tloc           5%         N/A       100%        6
 Summon Cactus Giant      Summ           5%         N/A       100%        6
 Storm Form               Tmut/Air       9%         N/A       100%        7


Dungeon Overview and Level Annotations

Branches:
Dungeon (7/15)             Temple (1/1) D:4

Altars:
Ashenzari
Cheibriados
Dithmenos
Elyvilon
Fedhas
Gozag
Hepliaklqana
Kikubaaqudgha
Makhleb
Nemelex Xobeh
Okawaru
Qazlal
Ru
Sif Muna
Trog
Uskayaw
Vehumet
Wu Jian
Xom
Yredelemnul
Zin

Shops:
D:5 *   D:6 *


Innate Abilities, Weirdness & Mutations

You can breathe blasts of noxious fumes.
Your lurid green scales are hard. (AC +7)
You cannot fit into any form of body armour.
Your system is resistant to poisons. (rPois)
You are cold-blooded and may be slowed by cold attacks.


Message History

Your primal bloodlust is almost over.
You howl as the wereblood boils in your veins!
Things that are here:
a +4 trident; a +0 robe You feel stable enough to blink again.
You hit the wight.
You feel a bit better.
You destroy the wight!
The Council accepts your kill.
You hit the wight. Your kick misses the wight. Your headbutt misses the wight.
The wight is lightly damaged.
Your primal bloodlust has ended.
The wight hits you with a +4 battleaxe of freezing!
* * * LOW HITPOINT WARNING * * *
You feel drained.
* * * LOW HITPOINT WARNING * * *
You feel yourself slow down. The wight freezes you.
* * * LOW HITPOINT WARNING * * *
You hit the wight but do no damage.
The wight is lightly damaged.
Your horns disappear.
Your talons disappear.
Your +0 pair of boots unmelds from your body.
The wight closely misses you.
You punch the wight!
Your tail-slap misses the wight.
The wight is severely damaged.
You feel yourself speed up. The wight misses you.
The wight hits you but does no damage.
You hit the wight.
The wight is almost destroyed.
You hit the wight but do no damage.
The wight is almost destroyed.
The wight completely misses you.
You hit the wight. You punch the wight.
You destroy the wight!
The Council accepts your kill.
Your Stealth skill increases to level 3!
You hit the wight but do no damage.
Your tail-slap misses the wight.
You hit the wight but do no damage.
Your tail-slap misses the wight.
Your punch misses the wight.
The wight hits you with a +3 short sword.
You die...

,,,,,,*,,,,,,,,#..............#*,
,,,,,,*,,,,,,,,#..............#*,
,,,,,,,,*****,,##...###..###..#*,
********,,***,,##...###..###..##.
*,,,,*,,,#.........<.......
*,,,,*,,,#.................
*******,,##....####+##.....
***#.....##...#*,.##.
#@######...#####*,
##z)..##........,,
#......#........,,
#......'........,,
#......#........,,
################**


You could see a wight.

Vanquished Creatures
  Pikel (D:5)
  Prince Ribbit (D:6)
  Grinder (D:5)
  A steam dragon (D:6)
  Edmund (D:6)
  A sky beast (D:6)
  A hornet zombie (D:6)
  2 black bears
  2 necrophages (D:6)
  2 lemures
  2 centaurs (D:6)
  3 wights (D:7)
  2 hounds
  A centaur skeleton (D:4)
  A jelly (D:4)
  4 iguanas
  Ijyb (D:5)
  A hound skeleton (D:4)
  5 adders
  3 dart slugs
  3 orcs
  6 endoplasms
  5 giant cockroaches
  5 goblins
  4 hobgoblins
  9 jackals
  9 kobolds
  3 quokkas
  4 ball pythons
  A bat (D:2)
  4 frilled lizards
  2 rats
91 creatures vanquished.

Vanquished Creatures (others)
  5 plants (D:2)
5 creatures vanquished.

Grand Total: 96 creatures vanquished

Notes
Turn   | Place    | Note
-------+----------+-------------------------------------------
     0 | D:1      | a11behringer the Draconian Transmuter began the quest for
                  | the Orb.
     0 | D:1      | Reached XP level 1. HP: 16/16 MP: 3/3
   389 | D:1      | Upgraded the game from 0.28-a0-845-gfc338a8e3c to
                  | 0.28-a0-850-g09de17f5b5
   397 | D:1      | Reached XP level 2. HP: 17/23 MP: 3/5
   865 | D:1      | Learned a level 2 spell: Wereblood
  1371 | D:2      | Reached XP level 3. HP: 22/28 MP: 4/6
  2318 | D:3      | Found a sacrificial altar of Ru.
  2707 | D:3      | Reached XP level 4. HP: 28/35 MP: 5/7
  3331 | D:4      | Reached skill level 4 in Unarmed Combat
  3344 | D:4      | Identified the +5 scale mail of a ziggurat {Will+ Dex+3
                  | Slay-6}
  3346 | D:4      | Reached skill level 1 in Short Blades
  3346 | D:4      | Reached skill level 1 in Long Blades
  3346 | D:4      | Reached skill level 1 in Axes
  3346 | D:4      | Reached skill level 1 in Maces & Flails
  3346 | D:4      | Reached skill level 1 in Polearms
  3346 | D:4      | Reached skill level 1 in Staves
  3346 | D:4      | Reached skill level 1 in Slings
  3346 | D:4      | Reached skill level 1 in Bows
  3346 | D:4      | Reached skill level 1 in Crossbows
  3346 | D:4      | Reached skill level 1 in Throwing
  3346 | D:4      | Reached skill level 1 in Stealth
  3346 | D:4      | Reached skill level 1 in Shields
  3346 | D:4      | Reached skill level 1 in Conjurations
  3346 | D:4      | Reached skill level 1 in Hexes
  3346 | D:4      | Reached skill level 1 in Summonings
  3346 | D:4      | Reached skill level 1 in Necromancy
  3346 | D:4      | Reached skill level 1 in Translocations
  3346 | D:4      | Reached skill level 1 in Fire Magic
  3346 | D:4      | Reached skill level 1 in Ice Magic
  3346 | D:4      | Reached skill level 1 in Invocations
  3346 | D:4      | Reached skill level 1 in Evocations
  3346 | D:4      | Reached XP level 5. HP: 37/41 MP: 9/9
  3347 | D:4      | Reached skill level 5 in Unarmed Combat
  3347 | D:4      | Reached XP level 6. HP: 46/51 MP: 9/12
  3504 | D:4      | Your scales start taking on a lurid green colour.
  3504 | D:4      | Reached XP level 7. HP: 39/57 MP: 10/13
  3504 | D:4      | Gained mutation: Your system is resistant to poisons.
                  | (rPois) [Green Draconian growth]
  3665 | D:4      | Found a staircase to the Ecumenical Temple.
  3672 | Temple   | Entered the Ecumenical Temple
  3753 | Temple   | Became a worshipper of the Wu Jian Council
  4362 | D:5      | Entered Level 5 of the Dungeon
  4371 | D:5      | Found Dublez's Assorted Antiques.
  4400 | D:5      | Learned a level 2 spell: Passwall
  4403 | D:5      | Learned a level 2 spell: Blink
  4407 | D:5      | Learned a level 3 spell: Spider Form
  4415 | D:5      | Noticed Grinder
  4416 | D:5      | Noticed Pikel
  4451 | D:6      | Found Geriremi's Assorted Antiques.
  4682 | D:6      | Reached skill level 5 in Transmutations
  4699 | D:6      | Noticed a steam dragon
  4704 | D:6      | Noticed Edmund
  4717 | D:6      | Killed a steam dragon
  4718 | D:6      | Reached skill level 6 in Unarmed Combat
  5526 | D:5      | Reached XP level 8. HP: 53/64 MP: 12/14
  5560 | D:5      | Killed Pikel
  5846 | D:5      | Paralysed by Grinder for 7 turns
  5856 | D:5      | Paralysed by Grinder for 3 turns
  5864 | D:5      | Killed Grinder
  6057 | D:5      | Noticed Ijyb
  6073 | D:5      | Killed Ijyb
  6637 | D:6      | Reached XP level 9. HP: 37/71 MP: 14/16
  6865 | D:6      | Noticed Prince Ribbit
  6896 | D:6      | Killed Edmund
  6898 | D:6      | Killed Prince Ribbit
  7622 | D:7      | Slain by a wight

Illustrated notes

Levels and vault maps discovered:
D:1:      minmay_arrival_four_loops, layout_loops_ring
D:2:      layout_loops_ring, serial_forest, infiniplex_forest_clump_medium,
          infiniplex_forest_straight_1, infiniplex_forest_straight_2,
          infiniplex_forest_split
D:3:      layout_basic, mainiacjoe_overflow_boulevard
D:4:      layout_cave_pods, minmay_temple_entry_fiery, minivault_19,
          minmay_misc_feat_square, nrook_campfire
D:5:      layout_basic, serial_shops, nicolae_shop_crystal,
          minmay_misc_feat_nine_boxes, uniq_pikel, uniq_ijyb, uniq_grinder
D:6:      layout_gridville, serial_shops,
          nicolae_shop_temple_entry_statues_fountains,
          amcnicky_mini_rare_corridor_liquid, uniq_edmund, uniq_prince_ribbit1
D:7:      layout_gridville, glass_columns_a, roderic_lattice_a
Temple:   mainiacjoe_temple_starburst

Skill      XL: |  1  2  3  4  5  6  7  8  9 |
---------------+----------------------------+-----
Dodging        | 2 3 |  3.6
Unarmed Combat | 4 5 6 |  6.8
Fighting       | 2 3 |  3.8
Short Blades   | 1 |  1.5
Long Blades    | 1 |  1.9
Axes           | 1 |  1.5
Maces & Flails | 1 |  1.5
Polearms       | 1 |  1.5
Staves         | 1 |  1.5
Slings         | 1 |  1.3
Bows           | 1 |  1.3
Crossbows      | 1 |  1.3
Throwing       | 1 |  1.5
Stealth        | 1 2 3 |  3.0
Shields        | 1 2 |  2.2
Spellcasting   | 3 4 |  4.8
Conjurations   | 1 2 |  2.2
Hexes          | 1 2 |  2.5
Summonings     | 1 2 |  2.2
Necromancy     | 1 2 |  2.2
Translocations | 1 2 |  2.3
Transmutations | 3 4 5 |  5.9
Fire Magic     | 1 2 |  2.2
Ice Magic      | 1 2 |  2.2
Air Magic      | 2 3 |  3.7
Earth Magic    | 2 |  2.6
Poison Magic   | 2 3 |  3.5
Invocations    | 1 2 |  2.6
Evocations     | 1 2 |  2.2

Action                   |  1- 3 |  4- 6 |  7- 9 || total
-------------------------+-------+-------+-------++-------
Melee: Unarmed           |   119 |    37 |   228 ||   384
       Headbutt          |    12 |     5 |    13 ||    30
       Tailslap          |     8 |     6 |    28 ||    42
       Kick              |     9 |    10 |    33 ||    52
       Punch             |     1 |       |     9 ||    10
 Cast: Beastly Appendage |    27 |     8 |    20 ||    55
       Wereblood         |     3 |     2 |     3 ||     8
       Spider Form       |       |       |     3 ||     3
       Blink             |       |       |     2 ||     2
Invok: Lunge             |       |       |    17 ||    17
 Abil: Breathe Noxious F |       |       |     4 ||     4
  Use: Scroll            |     5 |     1 |     4 ||    10
       Potion            |       |     2 |     5 ||     7
 Stab: Sleeping          |     1 |       |     2 ||     3
       Confused          |       |       |     4 ||     4
Armor: Skin              |    34 |     8 |    47 ||    89
Dodge: Dodged            |    74 |    25 |   129 ||   228

Table legend: (Time is in decaauts)
 A = Elapsed time spent in this place.
 B = Non-inter-level travel time spent in this place.
 C = Inter-level travel time spent in this place.
 D = Time resting spent in this place.
 E = Time spent auto-exploring this place.
 F = Levels seen in this place.
 G = Mean time per level.
                   A        B        C        D        E       F      G
               +--------+--------+--------+--------+--------+-----+--------+
         Total |   7606 |   6756 |    850 |      0 |   5817 |   8 |  950.8 |
       Dungeon |   7456 |   6752 |    704 |      0 |   5817 |   7 | 1065.1 |
        Temple |    150 |      4 |    146 |      0 |      0 |   1 |  150.0 |
               +--------+--------+--------+--------+--------+-----+--------+

Top non-repeatable levels by time:
     D:6: 1857 daAuts
     D:5: 1315 daAuts
     D:1: 1170 daAuts
     D:2: 1143 daAuts
     D:3: 1000 daAuts
     D:4: 890 daAuts
  Temple: 150 daAuts
     D:7: 78 daAuts
